AoeStats
← 'Rhythm_' = idiot

Nomad

510402304Analyzed
4v4 RM · 1d ago on Sep 30, 2026· 61m 48s· 8 players
Game mode
Random Map
Map size
231×231
Population
200
Speed
Normal
Resources
Standard
Victory
Conquest
Starting age
Dark Age
Ending age
Imperial Age
RankedLock teamsTeams togetherTeam positionsShared explorationLock speedFull tech treeHidden civsTurbo modeCheats
Victory
Defeat
🇩🇪 Mongols · Germany
1399
+14
🇨🇭 Gurjaras · Switzerland
1394
+14
🇨🇴 Persians · Colombia
1363
+15
🇨🇭 Vietnamese · Switzerland
1361
+16
🇨🇳 Saxons · China
1441
-18
🇺🇸 Dravidians · United States
1334
-14
🇦🇷 Magyars · Argentina
1327
-14
🇧🇷 Huns · Brazil
1308
-13
dr.schniselx
5:07 Loom
13:42 Feudal Age
14:53 Double-Bit Axe
17:54 Fletching
23:10 Castle Age
21:41 Padded Archer Armor
26:12 Bow Saw
26:17 Bloodlines
26:03 Horse Collar
28:26 Wheelbarrow
28:48 Scale Barding Armor
30:19 Chain Barding Armor
32:28 Forging
37:28 Bodkin Arrow
38:45 Leather Archer Armor
42:04 Ballistics
52:36 Imperial Age
50:25 Heavy Plow
51:24 Hand Cart
52:42 Iron Casting
52:48 Husbandry
53:23 Bracer
54:29 Conscription
54:56 Conscription
54:43 Elite Shrivamsha Rider
60:31 Gold Mining
Cronik
10:49 Loom
14:02 Feudal Age
17:38 Castle Age
16:01 Double-Bit Axe
16:40 Fletching
19:06 Bow Saw
22:46 Horse Collar
24:02 Bodkin Arrow
31:31 Ballistics
35:31 Imperial Age
33:51 Wheelbarrow
33:27 Gold Mining
34:03 Padded Archer Armor
35:38 Leather Archer Armor
36:15 Masonry
36:11 Husbandry
36:21 Bloodlines
39:45 Chemistry
41:11 Parthian Tactics
41:51 Conscription
44:58 Bracer
46:31 Hand Cart
46:37 Onager
47:18 Onager
49:35 Drill
49:33 Heavy Plow
56:12 Siege Onager
57:58 Capped Ram
59:12 Siege Ram
60:35 Siege Engineers
optional_cookie
4:38 Loom
13:06 Feudal Age
13:38 Double-Bit Axe
15:36 Fletching
18:15 Horse Collar
24:01 Castle Age
23:40 Scale Mail Armor
25:29 Chain Mail Armor
25:30 Pikeman
25:34 Crossbowman
28:51 Bow Saw
28:50 Heavy Plow
30:59 Wheelbarrow
35:19 Padded Archer Armor
38:09 Scale Barding Armor
41:50 Imperial Age
40:00 Forging
40:11 Chain Barding Armor
41:38 Iron Casting
41:18 Bloodlines
42:31 Bodkin Arrow
43:39 Bracer
43:55 Leather Archer Armor
45:35 Chemistry
47:16 Plate Barding Armor
46:44 Chatras
48:14 Crop Rotation
48:03 Elite Battle Elephant
49:49 Ring Archer Armor
50:26 Plate Mail Armor
58:10 Elite Skirmisher
61:06 Imperial Skirmisher
FkeVriX
5:29 Loom
14:30 Feudal Age
15:52 Double-Bit Axe
16:18 Horse Collar
18:54 Castle Age
17:02 Gold Mining
17:21 Fishing Lines
18:09 Scale Barding Armor
19:13 Forging
20:44 Chain Barding Armor
25:10 Stone Mining
35:41 Wheelbarrow
38:34 Gillnets
39:59 Medium Warships
40:18 Hand Cart
42:00 Fletching
43:46 Iron Casting
43:12 Light Cavalry
44:03 Bloodlines
43:54 Husbandry
44:45 Town Watch
46:37 Scale Mail Armor
49:18 Imperial Age
47:39 Gold Shaft Mining
51:32 Plate Barding Armor
53:18 Blast Furnace
52:26 Cavalier
53:25 Heavy Plow
55:21 Bodkin Arrow
57:02 Squires
56:24 Pikeman
57:32 Halberdier
58:40 Chain Mail Armor
58:59 Crop Rotation
58:54 Padded Archer Armor
60:21 Conscription
60:13 Bow Saw
59:57 Arson
61:24 Plate Mail Armor
ChefboyRV
4:10 Loom
14:49 Feudal Age
15:19 Fishing Lines
16:55 Double-Bit Axe
22:04 Castle Age
21:18 Stone Mining
21:20 Gold Mining
23:36 Bow Saw
23:23 Gillnets
23:45 Medium Warships
24:30 Careening
24:31 Clinker Construction
26:55 Fletching
28:48 Ballistics
28:27 Bodkin Arrow
27:57 Man-at-Arms
28:53 Long Swordsman
30:16 Guard Tower
31:54 Horse Collar
36:17 Imperial Age
34:34 Wheelbarrow
34:01 Heavy Plow
35:02 Padded Archer Armor
36:47 Leather Archer Armor
37:02 Bracer
40:05 Chemistry
42:01 Thumb Ring
43:04 Keep
44:26 Ring Archer Armor
44:09 Elite Elephant Archer
45:38 Conscription
46:48 Elite Skirmisher
48:28 Pikeman
49:08 Squires
49:31 Wootz Steel
51:07 Two-Man Saw
49:36 Halberdier
51:05 Scale Mail Armor
51:15 Forging
51:19 Two-Handed Swordsman
51:45 Gambesons
51:53 Arson
52:27 Chain Mail Armor
53:08 Masonry
52:29 Champion
54:37 Plate Mail Armor
54:42 Iron Casting
58:48 Blast Furnace
57:52 Murder Holes
Kuroko
3:35 Loom
13:59 Feudal Age
18:38 Castle Age
17:36 Double-Bit Axe
18:50 Fletching
29:10 Padded Archer Armor
32:56 Bodkin Arrow
34:43 Bloodlines
39:11 Bow Saw
38:43 Horse Collar
43:25 Imperial Age
41:34 Wheelbarrow
41:50 Scale Barding Armor
41:49 Marauders
43:37 Chain Barding Armor
43:28 Forging
43:56 Elite Tarkan
45:49 Iron Casting
46:33 Hand Cart
47:16 Plate Barding Armor
48:12 Gold Mining
48:54 Husbandry
50:10 Blast Furnace
48:38 Elite Skirmisher
49:21 Bracer
51:15 Chemistry
51:35 Ballistics
51:32 Leather Archer Armor
52:19 Pikeman
53:10 Scale Mail Armor
54:21 Chain Mail Armor
54:42 Halberdier
58:03 Light Cavalry
59:09 Hussar
Blue Label
5:15 Loom
14:06 Feudal Age
18:46 Bloodlines
21:26 Castle Age
22:28 Scale Barding Armor
'Rhythm_' = idiot
4:38 Loom
14:16 Feudal Age
18:23 Castle Age
16:33 Double-Bit Axe
17:38 Scale Mail Armor
18:30 Forging
20:42 Chain Mail Armor
20:47 Squires
43:18 Bow Saw
42:53 Horse Collar
43:43 Bow Saw
44:47 Wheelbarrow
45:35 Gold Mining
45:35 Stone Mining
45:48 Heavy Plow
46:38 Hand Cart
50:21 Imperial Age
47:56 Gambesons
48:27 Guard Tower
50:33 Iron Casting
49:46 Arson
50:26 Pikeman
50:48 Elite Varangian Guard
52:19 Plate Mail Armor
51:42 Halberdier
Connection lost

Rejoining the realm…

Still unreachable

The connection could not be restored.

Session expired

The server has moved on; the page needs a fresh start.